| TOP OF THE 1ST |
|
Gwinnett Braves batting - Pitching for Memphis Redbirds : LHP Danny Rivera
|
|
Pitching: LHP Danny Rivera
|
|
|
Batting: RHB Edgar Castillo
|
0-0: Ball 1-0: Ball 2-0: Called Strike 2-1: Reached on error, E3 (Groundball, 34S, EV 90.6 MPH)
|
|
Batting: LHB Chris Locklear
|
0-0: Foul Ball, location: 2F 0-1: Foul Ball, location: 2F 0-2: Ball 1-2: Ball 2-2: Foul Ball, location: 2F 2-2: Fly out, F8 (Flyball, 8LXD, EV 99.4 MPH) Runner from 2nd tags up, SAFE at 3rd, no throw by CF
|
|
Batting: RHB Dave Nickerson
|
0-0: Fly out, F2 (Popup, 23F, EV 83.8 MPH)
|
|
Batting: RHB Alex Munoz
|
0-0: Foul Ball, location: 2F 0-1: Ball 1-1: Ground out 4-3 (Groundball, 13, EV 85.0 MPH)
|
| Top of the 1st over - 0 runs, 0 hits, 1 error, 1 left on base; Gwinnett 0 - Memphis 0 |
| BOTTOM OF THE 1ST |
|
Memphis Redbirds batting - Pitching for Gwinnett Braves : LHP Brian Gregory
|
|
Pitching: LHP Brian Gregory
|
|
|
Batting: RHB Joe Smack
|
0-0: Ball 1-0: Ball 2-0: Ball 3-0: Called Strike 3-1: Foul Ball, location: 2F 3-2: Strikes out looking
|
|
Batting: SHB Dan Lash
|
0-0: Called Strike 0-1: Ball 1-1: Foul Ball, location: 2F 1-2: Ball 2-2: Ball 3-2: Foul Ball, location: 2F 3-2: Ground out 5-3 (Groundball, 56, EV 90.0 MPH)
|
|
Batting: RHB Jeff Brower
|
0-0: Fly out, F3 (Popup, 3SF, EV 84.4 MPH)
|
| Bottom of the 1st over - 0 runs, 0 hits, 0 errors, 0 left on base; Gwinnett 0 - Memphis 0 |
| TOP OF THE 2ND |
|
Gwinnett Braves batting - Pitching for Memphis Redbirds : LHP Danny Rivera
|
|
Batting: RHB Ivan Ramirez
|
0-0: Ball 1-0: Fly out, F4 (Line Drive, 34, EV 72.5 MPH)
|
|
Batting: RHB Jesse Lester
|
0-0: Called Strike 0-1: Ball 1-1: Ball 2-1: Fly out, F8 (Flyball, 8RD, EV 98.8 MPH)
|
|
Batting: RHB John Peterson
|
0-0: Ball 1-0: Called Strike 1-1: Ball 2-1: Swinging Strike 2-2: Foul Ball, location: 2F 2-2: Ball 3-2: Foul Ball, location: 2F 3-2: Base on Balls
|
|
Batting: RHB Riley Nasiir
|
0-0: Called Strike 0-1: Called Strike 0-2: Ball John Peterson steals 2nd, throwing error, E2 John Peterson to third 1-2: Ground out 6-3 (Groundball, 6, EV 88.8 MPH)
|
| Top of the 2nd over - 0 runs, 0 hits, 1 error, 1 left on base; Gwinnett 0 - Memphis 0 |
| BOTTOM OF THE 2ND |
|
Memphis Redbirds batting - Pitching for Gwinnett Braves : LHP Brian Gregory
|
|
Batting: RHB Danny Gallo
|
0-0: Called Strike 0-1: Ground out 5-3 (Groundball, 56, EV 108.8 MPH)
|
|
Batting: RHB Fabrice Bertin
|
0-0: Foul Ball, location: 2F 0-1: Called Strike 0-2: Foul Ball, location: 2F 0-2: Ball 1-2: Foul Ball, location: 2F 1-2: Fly out, F7 (Flyball, 7, EV 88.8 MPH)
|
|
Batting: LHB Kyle Schaible
|
0-0: Called Strike 0-1: Ball 1-1: SINGLE (Flyball, 7S, EV 98.8 MPH)
|
|
Batting: LHB Ronnie Ashley
|
0-0: Swinging Strike 0-1: Ball 1-1: Ball 2-1: Ball 3-1: Foul Ball, location: 2F 3-2: Fly out, F3 (Popup, 23, EV 80.6 MPH)
|
| Bottom of the 2nd over - 0 runs, 1 hit, 0 errors, 1 left on base; Gwinnett 0 - Memphis 0 |
| TOP OF THE 3RD |
|
Gwinnett Braves batting - Pitching for Memphis Redbirds : LHP Danny Rivera
|
|
Batting: LHB Fred Arends
|
0-0: Foul Ball, location: 2F 0-1: Called Strike 0-2: Ball 1-2: Ball 2-2: Strikes out swinging
|
|
Batting: RHB Edgar Castillo
|
0-0: Called Strike 0-1: Ball 1-1: Ball 2-1: Foul Ball, location: 2F 2-2: Foul Ball, location: 2F 2-2: Strikes out swinging
|
|
Batting: LHB Chris Locklear
|
0-0: Ball 1-0: Swinging Strike 1-1: Ground out 4-3 (Groundball, 34, EV 80.6 MPH)
|
| Top of the 3rd over - 0 runs, 0 hits, 0 errors, 0 left on base; Gwinnett 0 - Memphis 0 |
| BOTTOM OF THE 3RD |
|
Memphis Redbirds batting - Pitching for Gwinnett Braves : LHP Brian Gregory
|
|
Batting: LHB John Bailey
|
0-0: Ball 1-0: Called Strike 1-1: Reached on error, E8 (Flyball, 8RD, EV 90.0 MPH)
|
|
Batting: RHB Josh Broome
|
0-0: Ball 1-0: Swinging Strike 1-1: Swinging Strike 1-2: Strikes out looking
|
|
Batting: RHB Joe Smack
|
0-0: Swinging Strike 0-1: Swinging Strike 0-2: Strikes out swinging
|
|
Batting: SHB Dan Lash
|
0-0: Called Strike 0-1: Ball 1-1: Called Strike 1-2: Foul Ball, location: 2F 1-2: SINGLE (Groundball, 6MD, EV 95.6 MPH) John Bailey to third Runner from 3rd tries for Home, SAFE, throw by CF to home
|
|
Batting: RHB Jeff Brower
|
0-0: DOUBLE (Line Drive, 7LM, EV 106.9 MPH) Dan Lash to third
|
|
Batting: RHB Danny Gallo
|
0-0: Ball 1-0: Ball 2-0: Swinging Strike 2-1: Ball 3-1: Base on Balls
|
|
Batting: RHB Fabrice Bertin
|
0-0: Foul Ball, location: 2F 0-1: Foul Ball, location: 2F 0-2: Strikes out swinging
|
| Bottom of the 3rd over - 1 run, 2 hits, 1 error, 3 left on base; Gwinnett 0 - Memphis 1 |
| TOP OF THE 4TH |
|
Gwinnett Braves batting - Pitching for Memphis Redbirds : LHP Danny Rivera
|
|
Batting: RHB Dave Nickerson
|
0-0: Foul Ball, location: 2F 0-1: Ball 1-1: Ball 2-1: Called Strike 2-2: Strikes out swinging
|
|
Batting: RHB Alex Munoz
|
0-0: Foul Ball, location: 2F 0-1: Ball 1-1: Foul Ball, location: 2F 1-2: Ball 2-2: Foul Ball, location: 2F 2-2: DOUBLE (Groundball, 5L, EV 111.9 MPH)
|
|
Batting: RHB Ivan Ramirez
|
0-0: Foul Ball, location: 2F 0-1: Ball 1-1: Ground out 4-3 (Groundball, 4, EV 88.1 MPH) Alex Munoz to third
|
|
Batting: RHB Jesse Lester
|
0-0: Ball 1-0: Called Strike 1-1: Foul Ball, location: 2F 1-2: Ground out 3-1 (Groundball, 34S, EV 81.2 MPH)
|
| Top of the 4th over - 0 runs, 1 hit, 0 errors, 1 left on base; Gwinnett 0 - Memphis 1 |
| BOTTOM OF THE 4TH |
|
Memphis Redbirds batting - Pitching for Gwinnett Braves : LHP Brian Gregory
|
|
Batting: LHB Kyle Schaible
|
0-0: Ball 1-0: Foul Ball, location: 2F 1-1: Called Strike 1-2: Ball 2-2: Fly out, F6 (Line Drive, 6M, EV 63.8 MPH)
|
|
Batting: LHB Ronnie Ashley
|
0-0: SINGLE (Groundball, 4D, EV 103.1 MPH)
|
|
Batting: LHB John Bailey
|
0-0: SINGLE (Flyball, 89S, EV 90.0 MPH) Ronnie Ashley to second
|
|
Batting: RHB Josh Broome
|
0-0: Called Strike 0-1: Ball 1-1: Ball 2-1: Fly out, F4 (Line Drive, 4, EV 61.2 MPH)
|
|
Batting: RHB Joe Smack
|
0-0: Ball 1-0: Called Strike 1-1: Ball 2-1: Ball 3-1: Called Strike 3-2: Base on Balls Ronnie Ashley to third John Bailey to second
|
|
Batting: SHB Dan Lash
|
0-0: Foul Ball, location: 2F 0-1: Ball 1-1: Ball 2-1: Foul Ball, location: 2F 2-2: Strikes out swinging
|
| Bottom of the 4th over - 0 runs, 2 hits, 0 errors, 3 left on base; Gwinnett 0 - Memphis 1 |
| TOP OF THE 5TH |
|
Gwinnett Braves batting - Pitching for Memphis Redbirds : LHP Danny Rivera
|
|
Batting: RHB John Peterson
|
0-0: Ball 1-0: Called Strike 1-1: Ball 2-1: Ball 3-1: Ground out U3 (Groundball, 34, EV 103.1 MPH)
|
|
Batting: RHB Riley Nasiir
|
0-0: Foul Ball, location: 2F 0-1: Ground out 6-3 (Groundball, 6, EV 101.9 MPH)
|
|
Batting: LHB Fred Arends
|
0-0: Foul Ball, location: 2F 0-1: Ground out 6-3 (Groundball, 6, EV 84.4 MPH)
|
| Top of the 5th over - 0 runs, 0 hits, 0 errors, 0 left on base; Gwinnett 0 - Memphis 1 |
| BOTTOM OF THE 5TH |
|
Memphis Redbirds batting - Pitching for Gwinnett Braves : LHP Brian Gregory
|
|
Batting: RHB Jeff Brower
|
0-0: Ball 1-0: Foul Ball, location: 2F 1-1: Ball 2-1: SINGLE (Groundball, 56D, EV 106.9 MPH) (infield hit)
|
|
Batting: RHB Danny Gallo
|
0-0: Ball 1-0: Ball 2-0: Foul Ball, location: 2F 2-1: Swinging Strike 2-2: Ball 3-2: Strikes out swinging Jeff Brower is caught stealing 2nd base 2-4 Batter strikes out.
|
|
Batting: RHB Fabrice Bertin
|
0-0: Called Strike 0-1: Called Strike 0-2: SINGLE (Line Drive, 7S, EV 110.6 MPH)
|
|
Batting: LHB Kyle Schaible
|
0-0: Ball 1-0: Called Strike 1-1: Swinging Strike 1-2: Foul Ball, location: 2F 1-2: Ball 2-2: Foul Ball, location: 2F 2-2: Ball 3-2: Strikes out swinging
|
| Bottom of the 5th over - 0 runs, 2 hits, 0 errors, 1 left on base; Gwinnett 0 - Memphis 1 |
| TOP OF THE 6TH |
|
Gwinnett Braves batting - Pitching for Memphis Redbirds : LHP Danny Rivera
|
|
Batting: RHB Edgar Castillo
|
0-0: Fly out, F8 (Line Drive, 8RM, EV 100.0 MPH)
|
|
Batting: LHB Chris Locklear
|
0-0: Ball 1-0: Called Strike 1-1: Called Strike 1-2: Ground out 4-3 (Groundball, 4, EV 86.9 MPH)
|
|
Batting: RHB Dave Nickerson
|
0-0: Called Strike 0-1: Ball 1-1: Ball 2-1: Called Strike 2-2: Ball 3-2: Strikes out swinging
|
| Top of the 6th over - 0 runs, 0 hits, 0 errors, 0 left on base; Gwinnett 0 - Memphis 1 |
| BOTTOM OF THE 6TH |
|
Memphis Redbirds batting - Pitching for Gwinnett Braves : LHP Brian Gregory
|
|
Batting: LHB Ronnie Ashley
|
0-0: Called Strike 0-1: Ground out 5-3 (Groundball, 56, EV 89.4 MPH)
|
|
Batting: LHB John Bailey
|
0-0: Foul Ball, location: 2F 0-1: Swinging Strike 0-2: Foul Ball, location: 2F 0-2: Strikes out swinging
|
|
Batting: RHB Josh Broome
|
0-0: DOUBLE (Line Drive, 8LXD, EV 106.2 MPH)
|
|
Batting: RHB Joe Smack
|
0-0: Intentional Walk
|
|
Pitching: LHP Pete McAllister
|
|
|
Batting: SHB Dan Lash
|
0-0: Ball 1-0: Called Strike 1-1: Foul Ball, location: 2F 1-2: Ball Wild Pitch! Josh Broome to third Joe Smack to second 2-2: Ball 3-2: Foul Ball, location: 2F 3-2: Base on Balls
|
|
Batting: RHB Jeff Brower
|
0-0: Foul Ball, location: 2F 0-1: Ball 1-1: Foul Ball, location: 2F 1-2: Fly out, F9 (Line Drive, 89M, EV 98.8 MPH)
|
| Bottom of the 6th over - 0 runs, 1 hit, 0 errors, 3 left on base; Gwinnett 0 - Memphis 1 |
| TOP OF THE 7TH |
|
Gwinnett Braves batting - Pitching for Memphis Redbirds : LHP Danny Rivera
|
|
Batting: RHB Alex Munoz
|
0-0: Called Strike 0-1: Ball 1-1: Fly out, F8 (Flyball, 8LXD, EV 95.6 MPH)
|
|
Batting: RHB Ivan Ramirez
|
0-0: Foul Ball, location: 2F 0-1: Ball 1-1: Ball 2-1: Foul Ball, location: 2F 2-2: Fly out, F7 (Flyball, 7, EV 81.9 MPH)
|
|
Batting: RHB Jesse Lester
|
0-0: Ball 1-0: Ball 2-0: SINGLE (Groundball, 6D, EV 111.2 MPH)
|
|
Batting: RHB John Peterson
|
0-0: Foul Ball, location: 2F 0-1: Foul Ball, location: 2F 0-2: Ball Jesse Lester steals 2nd base 1-2: Strikes out swinging
|
| Top of the 7th over - 0 runs, 1 hit, 0 errors, 1 left on base; Gwinnett 0 - Memphis 1 |
| BOTTOM OF THE 7TH |
|
Memphis Redbirds batting - Pitching for Gwinnett Braves : LHP Pete McAllister
|
|
Batting: RHB Danny Gallo
|
0-0: Ball 1-0: Called Strike 1-1: Foul Ball, location: 2F 1-2: Ball 2-2: Foul Ball, location: 2F 2-2: Fly out, F2 (Popup, 23F, EV 89.4 MPH)
|
|
Batting: RHB Fabrice Bertin
|
0-0: Ball 1-0: Ball 2-0: Foul Ball, location: 2F 2-1: Ball 3-1: Base on Balls
|
|
Batting: LHB Kyle Schaible
|
0-0: Called Strike 0-1: Fly out, F8 (Flyball, 8LD, EV 85.0 MPH)
|
|
Batting: LHB Ronnie Ashley
|
0-0: Called Strike Fabrice Bertin is caught stealing 2nd base 2-6
|
| Bottom of the 7th over - 0 runs, 0 hits, 0 errors, 0 left on base; Gwinnett 0 - Memphis 1 |
| TOP OF THE 8TH |
|
Gwinnett Braves batting - Pitching for Memphis Redbirds : LHP Danny Rivera
|
|
Batting: RHB Riley Nasiir
|
0-0: Foul Ball, location: 2F 0-1: Ball 1-1: Ground out 4-3 (Groundball, 4, EV 94.4 MPH)
|
|
Pitching: RHP Pabiyan Vetlitsky
|
|
|
Batting: LHB Fred Arends
|
0-0: Ball 1-0: Ground out 4-3 (Groundball, 4, EV 88.8 MPH)
|
|
Pinch Hitting: LHB David Bramble
|
0-0: Ball 1-0: Called Strike 1-1: Foul Ball, location: 2F 1-2: Ball 2-2: Ball 3-2: SINGLE (Groundball, 4MD, EV 97.5 MPH)
|
|
Batting: LHB Chris Locklear
|
0-0: Swinging Strike 0-1: Foul Ball, location: 2F 0-2: Foul Ball, location: 2F 0-2: Strikes out swinging
|
| Top of the 8th over - 0 runs, 1 hit, 0 errors, 1 left on base; Gwinnett 0 - Memphis 1 |
| BOTTOM OF THE 8TH |
|
Memphis Redbirds batting - Pitching for Gwinnett Braves : LHP Pete McAllister
|
|
Now in LF: David Bramble
|
|
|
Batting: LHB Ronnie Ashley
|
0-0: Called Strike 0-1: Ball 1-1: Foul Ball, location: 2F 1-2: Foul Ball, location: 2F 1-2: Fly out, F9 (Flyball, 9, EV 89.4 MPH)
|
|
Batting: LHB John Bailey
|
0-0: SINGLE (Groundball, 4M, EV 101.9 MPH) (infield hit)
|
|
Batting: RHB Josh Broome
|
0-0: Foul Ball, location: 2F 0-1: Ball 1-1: Ball 2-1: Grounds into double play, 4-6-3 (Groundball, 4M, EV 88.1 MPH)
|
| Bottom of the 8th over - 0 runs, 1 hit, 0 errors, 0 left on base; Gwinnett 0 - Memphis 1 |
| TOP OF THE 9TH |
|
Gwinnett Braves batting - Pitching for Memphis Redbirds : RHP Pabiyan Vetlitsky
|
|
Pitching: RHP Mike Pemble
|
|
|
Batting: RHB Dave Nickerson
|
0-0: Ball 1-0: Ground out U3 (Groundball, 3, EV 102.5 MPH)
|
|
Batting: RHB Alex Munoz
|
0-0: Foul Ball, location: 2F 0-1: Called Strike 0-2: Ball 1-2: Ball 2-2: Foul Ball, location: 2F 2-2: Ground out 4-3 (Groundball, 34S, EV 63.1 MPH)
|
|
Pinch Hitting: LHB Mark Buchholz
|
0-0: Called Strike 0-1: Foul Ball, location: 2F 0-2: Fly out, F9 (Flyball, 89M, EV 90.6 MPH)
|
| Top of the 9th over - 0 runs, 0 hits, 0 errors, 0 left on base; Gwinnett 0 - Memphis 1 |
|